 Dungeon Crawl Stone Soup version 0.21.1-1-g345015fe64 (webtiles) character file.

2385 Jannitor the Sneak (level 9, -3/69 HPs)
             Began as a Vampire Wanderer on May 10, 2018.
             Was a Priest of Nemelex Xobeh.
             Slain by a black mamba (12 damage)
             ... on level 8 of the Dungeon.
             The game lasted 00:17:35 (6545 turns).

Jannitor the Sneak (Vampire Wanderer)               Turns: 6545, Time: 00:17:36

Health: -3/69      AC:  4    Str: 14    XL:     9   Next: 22%
Magic:  21/21      EV: 16    Int: 11    God:    Nemelex Xobeh [***...]
Gold:   398        SH:  0    Dex: 17    Spells: 6/11 levels left

rFire    . . .     SeeInvis +   B - +0 dagger (venom)
rCold    . . .     Gourm    .   (no shield)
rNeg     + . .     Faith    .   e - +0 robe
rPois    +         Spirit   .   Q - +1 hat
rElec    .         Reflect  .   (no cloak)
rCorr    .         Harm     .   m - +0 pair of gloves (curse)
MR       .....                  (no boots)
Stlth    ++++......             (no amulet)
HPRegen  0.21/turn              j - ring of poison resistance
MPRegen  0.17/turn              t - ring of magical power

@: no status effects
A: fangs 3, see invisible, unbreathing
a: Bat Form, Triple Draw, Renounce Religion


You were on level 8 of the Dungeon.
You worshipped Nemelex Xobeh.
Nemelex Xobeh was most pleased with you.
You were not thirsty.

You visited 1 branch of the dungeon, and saw 8 of its levels.

You collected 398 gold pieces.

Inventory:

Hand Weapons
 a - a +2 dagger
 c - a +0 quarterstaff
 z - a +0 long sword
 B - a +0 dagger of venom (weapon)
 N - a cursed +3 great sword of freezing
Armour
 e - a +0 robe (worn)
 m - a cursed +0 pair of gloves (worn)
 Q - a +1 hat (worn)
Jewellery
 j - a ring of poison resistance (left hand)
 t - a ring of magical power (right hand)
Wands
 v - a wand of random effects (27)
 y - a wand of iceblast (8)
 H - a wand of paralysis (12)
 K - a wand of polymorph (16)
 L - a wand of enslavement (11)
Scrolls
 h - 2 scrolls of magic mapping {unknown}
 i - 4 scrolls of teleportation {unknown}
 k - 10 scrolls of identify {unknown}
 l - 2 scrolls of fog {unknown}
 p - 2 scrolls of remove curse {unknown}
 q - 2 scrolls of enchant weapon {unknown}
 r - 2 scrolls of amnesia {unknown}
 s - 2 scrolls of enchant armour {unknown}
 I - a scroll of random uselessness {unknown}
 J - a scroll of fear {unknown}
 S - a scroll of blinking {unknown}
Potions
 f - 2 potions of blood
 n - a potion of lignification {unknown}
 o - 2 potions of flight {unknown}
 w - 2 potions of brilliance {unknown}
 x - a potion of might {unknown}
 A - 2 potions of degeneration {unknown}
 C - a potion of ambrosia {unknown}
 E - 2 potions of invisibility {unknown}
 O - a potion of agility
 R - a potion of mutation {unknown}
Books
 b - a book of Necromancy

   Spells                             Type                      Level
   a - Pain                           Necromancy                   1
   b - Animate Skeleton               Necromancy                   1
   c - Vampiric Draining              Necromancy                   3
   d - Regeneration                   Charms/Necromancy            3
   e - Animate Dead                   Necromancy                   4
   f - Borgnjor's Vile Clutch         Necromancy/Earth             5
 F - a Young Poisoner's Handbook

   Spells                             Type                      Level
   a - Sting                          Conjuration/Poison           1
   b - Poisonous Vapours              Poison/Air                   2
   c - Mephitic Cloud                 Conjuration/Poison/Air       3
   d - Olgreb's Toxic Radiance        Poison                       4
   e - Venom Bolt                     Conjuration/Poison           5
 G - a book of Frost

   Spells                             Type                      Level
   a - Freeze                         Ice                          1
   b - Throw Frost                    Conjuration/Ice              2
   c - Ozocubu's Armour               Charms/Ice                   3
   d - Throw Icicle                   Conjuration/Ice              4
   e - Summon Ice Beast               Ice/Summoning                4
 U - a book of Clouds

   Spells                             Type                      Level
   a - Poisonous Vapours              Poison/Air                   2
   b - Mephitic Cloud                 Conjuration/Poison/Air       3
   c - Conjure Flame                  Conjuration/Fire             3
   d - Freezing Cloud                 Conjuration/Ice/Air          6
   e - Ring of Flames                 Charms/Fire                  7
Miscellaneous
 g - an ornate deck of destruction {drawn: 4}
 u - a plain deck of summoning {drawn: 8}
 D - a plain deck of destruction {drawn: 8}
 M - a plain deck of destruction {drawn: 5}
 P - a plain deck of summoning {drawn: 1}
 T - a plain deck of destruction


   Skills:
 + Level 5.6 Fighting
 - Level 5.0(5.6) Short Blades
 + Level 3.3(4.5) Long Blades
 - Level 1.0 Throwing
 + Level 6.0 Dodging
 - Level 7.2 Stealth
 - Level 1.7 Spellcasting
 + Level 3.5 Poison Magic
 + Level 4.4 Invocations


You had 6 spell levels left.
You knew the following spells:

 Your Spells              Type           Power        Failure   Level  Hunger
a - Poisonous Vapours     Pois/Air       #.....       22%         2    ###....
b - Ozocubu's Armour      Chrm/Ice       #.......     65%         3    ####...


Dungeon Overview and Level Annotations

Branches:
Dungeon (8/15)             Temple (0/1) D:5
   Lair: D:8-11

Altars:
Dithmenos
Fedhas
Makhleb
Nemelex Xobeh
Qazlal
Wu Jian

Shops:
D:7 *


Innate Abilities, Weirdness & Mutations

You have razor-sharp teeth.
You have supernaturally acute eyesight. (SInv)
You can survive without breathing.


Message History

Press: ? - help, Shift-Dir - straight line, f - fire crab
Aim: a fire crab (moderately wounded, poisoned, misshapen and mutated, chance to defeat MR: 37%)
Okay, then.
Unknown command.
Evoke which item? (* to show all) (? for menu, Esc to quit)
Aiming: Enslavement
Press: ? - help, Shift-Dir - straight line, f - fire crab
Aim: a fire crab (moderately wounded, poisoned, misshapen and mutated, chance to defeat MR: 37%)
Okay, then.
Unknown command.
Evoke which item? (* to show all) (? for menu, Esc to quit)
You draw a card...
It is Degeneration.
The fire crab evaporates and reforms as a black mamba!
The black mamba twists and deforms.
Evoke which item? (* to show all) (? for menu, Esc to quit)
You draw a card...
It is the Rangers.
The black mamba bites you!
* * * LOW HITPOINT WARNING * * *
The black mamba bites you!
You die...
Your body glows slightly and disappears.

### #.#####
###############......
#............@S.######
#.############c.†)...#
####.# #.c###..#
.....# #.... ###..#
#.###.# #..###### #.#
# #.......# ..#
####.####.### ###
.............


You could see a black mamba and 2 friendly yaktaurs.

Vanquished Creatures
  A kobold demonologist (D:7)
  A dream sheep (D:8)
  An ogre (D:7)
  An ice beast (D:6)
  A centaur (D:8)
  A bullfrog (D:6)
  A scorpion (D:6)
  3 killer bees (D:8)
  A wight (D:6)
  A crimson imp (D:5)
  A bullfrog zombie (D:5)
  2 bullfrog skeletons
  2 orc priests
  A hound (D:6)
  3 orc wizards
  2 iguanas
  3 worker ants
  Natasha (D:3)
  A killer bee zombie (D:7)
  2 worker ant zombies
  9 adders
  An ooze (D:2)
  An adder skeleton (D:4)
  2 dart slugs
  6 leopard geckos
  11 orcs
  A giant cockroach (D:1)
  12 goblins
  7 hobgoblins
  13 jackals
  7 kobolds
  4 quokkas
  A ball python (D:1)
  3 bats
  5 frilled lizards
  A leopard gecko zombie (D:6)
  A quokka skeleton (D:4)
  4 rats
119 creatures vanquished.

Vanquished Creatures (collateral kills)
  A hog (D:8)
  A phantom (D:5)
  2 ogres (D:4)
  A killer bee (D:8)
  4 wights (D:6)
  A crimson imp (D:5)
  A hound (D:4)
  An iguana (D:5)
  An orc wizard (D:4)
  Natasha (D:3)
  An adder (D:6)
  5 orcs
  A giant cockroach (D:4)
  A quokka (D:5)
22 creatures vanquished.

Vanquished Creatures (others)
  Prince Ribbit (D:8)
  An orc warrior (D:8)
  A bullfrog (D:8)
  An orc priest (D:8)
  An orc (D:8)
5 creatures vanquished.

Grand Total: 146 creatures vanquished

Notes
Turn   | Place    | Note
-------+----------+-------------------------------------------
     0 | D:1      | Jannitor the Vampire Wanderer began the quest for the Orb.
     0 | D:1      | Jannitor set off with: a +2 dagger, a potion of berserk rage, a +0 quarterstaff, a potion of curing, a +0 robe, a potion of blood
     0 | D:1      | Reached XP level 1. HP: 17/17 MP: 1/1
   236 | D:1      | Reached XP level 2. HP: 23/23 MP: 2/2
   785 | D:2      | Reached skill level 5 in Stealth
   785 | D:2      | Reached XP level 3. HP: 24/29 MP: 3/3
  1015 | D:2      | Found a sparkling altar of Nemelex Xobeh.
  1134 | D:2      | Became a worshipper of Nemelex Xobeh the Trickster
  1518 | D:3      | Received a gift from Nemelex Xobeh
  1571 | D:3      | Found a blossoming altar of Fedhas.
  1577 | D:3      | Reached XP level 4. HP: 35/35 MP: 4/4
  1672 | D:3      | Noticed Natasha
  1681 | D:3      | Killed Natasha
  2130 | D:3      | Reached XP level 5. HP: 37/41 MP: 5/5
  2161 | D:4      | Noticed a hungry ghost
  2166 | D:4      | Noticed a chaos spawn
  2492 | D:3      | Received a gift from Nemelex Xobeh
  2523 | D:3      | Reached skill level 1 in Invocations
  2579 | D:3      | Noticed Natasha
  2589 | D:3      | Killed Natasha
  2780 | D:4      | Reached skill level 6 in Stealth
  2980 | D:4      | Noticed an ogre
  2988 | D:4      | Noticed an ogre
  2992 | D:4      | Killed an ogre
  2992 | D:4      | Reached XP level 6. HP: 48/48 MP: 7/7
  3032 | D:4      | Reached * piety under Nemelex Xobeh
  3484 | D:5      | Entered Level 5 of the Dungeon
  3484 | D:5      | Received a gift from Nemelex Xobeh
  3659 | D:5      | Reached XP level 7. HP: 47/54 MP: 8/8
  3664 | D:5      | Reached skill level 7 in Stealth
  3795 | D:5      | Learned a level 2 spell: Poisonous Vapours
  3829 | D:5      | Learned a level 3 spell: Ozocubu's Armour
  4028 | D:5      | Found a staircase to the Ecumenical Temple.
  4256 | D:6      | Received a gift from Nemelex Xobeh
  4296 | D:6      | Reached ** piety under Nemelex Xobeh
  4327 | D:6      | Reached skill level 1 in Spellcasting
  4355 | D:6      | Reached skill level 1 in Poison Magic
  4471 | D:6      | Reached skill level 5 in Short Blades
  4473 | D:6      | Reached XP level 8. HP: 41/61 MP: 10/10
  4725 | D:6      | Found a shadowy altar of Dithmenos.
  4853 | D:6      | Received a gift from Nemelex Xobeh
  4945 | D:6      | Found a burning altar of Makhleb.
  4945 | D:6      | Found a stormy altar of Qazlal.
  4945 | D:6      | Found an ornate altar of the Wu Jian Council.
  5388 | D:7      | Found Ybas's General Store.
  5395 | D:7      | Received a gift from Nemelex Xobeh
  6034 | D:7      | Reached skill level 1 in Long Blades
  6098 | D:8      | Reached *** piety under Nemelex Xobeh
  6116 | D:8      | Reached skill level 5 in Dodging
  6116 | D:8      | Reached skill level 5 in Fighting
  6126 | D:8      | Noticed Prince Ribbit
  6268 | D:8      | Noticed a two-headed ogre
  6272 | D:8      | Noticed a lindwurm
  6272 | D:8      | a two-headed ogre changed into a lindwurm
  6273 | D:8      | a lindwurm changed into a hog
  6317 | D:8      | Noticed a kobold demonologist
  6453 | D:8      | Noticed an orange demon
  6463 | D:7      | Killed a kobold demonologist
  6491 | D:8      | Reached XP level 9. HP: 49/68 MP: 12/12
  6530 | D:8      | Noticed a two-headed ogre
  6536 | D:8      | a two-headed ogre changed into a dream sheep
  6536 | D:8      | Noticed a fire crab
  6536 | D:8      | a hippogriff changed into a fire crab
  6538 | D:8      | Killed Prince Ribbit
  6544 | D:8      | Noticed a black mamba
  6544 | D:8      | a fire crab changed into a black mamba
  6545 | D:8      | Slain by a black mamba

Skill      XL: |  1  2  3  4  5  6  7  8  9 |
---------------+----------------------------+-----
Fighting       | 3 4 5 |  5.6
Stealth        | 5 6 7 |  7.2
Dodging        | 2 3 4 5 6 |  6.0
Short Blades   | 3 4 5 |  5.0
Invocations    | 1 2 4 |  4.4
Spellcasting   | 1 |  1.7
Poison Magic   | 1 3 |  3.5
Long Blades    | 2 3 |  3.3
Throwing       | |  1.0

Action                   |  1- 3 |  4- 6 |  7- 9 || total
-------------------------+-------+-------+-------++-------
Melee: Dagger            |   137 |   218 |   204 ||   559
       Bite              |    15 |    16 |    44 ||    75
 Abil: End Transformatio |       |     1 |     1 ||     2
       Bat Form          |       |     1 |     1 ||     2
Evoke: Deck              |       |     9 |    17 ||    26
       Wand              |       |     2 |     4 ||     6
  Use: Potion            |     7 |    10 |    11 ||    28
 Stab: Sleeping          |     8 |     1 |     9 ||    18
       Petrifying        |       |     1 |       ||     1
       Distracted        |       |     1 |       ||     1
       Paralysed         |       |       |     1 ||     1
Armor: Robe              |    19 |    27 |    19 ||    65
Dodge: Dodged            |    69 |   138 |   145 ||   352
